| TOP OF THE 1ST |
|
Hawaii Islanders batting - Pitching for Tucson Toros : RHP Jim Acker
|
|
Pitching: RHP Jim Acker
|
|
|
Batting: RHB Tony Walker
|
0-0: Foul Ball, location: 2F 0-1: Ball 1-1: Swinging Strike 1-2: Strikes out swinging
|
|
Batting: LHB Creighton Tevlin
|
0-0: Ball 1-0: SINGLE (Flyball, 56D, EV 96.9 MPH)
|
|
Batting: SHB Charles Valley
|
0-0: Ball 1-0: Foul Ball, location: 2F 1-1: Foul Ball, location: 2F 1-2: DOUBLE (Flyball, 78XD, EV 108.1 MPH) Creighton Tevlin to third Runner from 3rd tries for Home, SAFE, throw by CF to trailing runner, SAFE at third!
|
|
Batting: LHB Dom Fucci
|
0-0: Called Strike 0-1: Ball 1-1: Called Strike 1-2: Ball 2-2: Strikes out swinging
|
|
Batting: RHB Joe Strain
|
0-0: Called Strike 0-1: SINGLE (Groundball, 56D, EV 98.1 MPH) Charles Valley scores
|
|
Batting: LHB Geno Petralli
|
0-0: Ball Joe Strain steals 2nd base (no throw) 1-0: Ball 2-0: Called Strike 2-1: Ball 3-1: Ground out 4-3 (Groundball, 4, EV 91.3 MPH)
|
| Top of the 1st over - 2 runs, 3 hits, 0 errors, 1 left on base; Hawaii 2 - Tucson 0 |
| BOTTOM OF THE 1ST |
|
Tucson Toros batting - Pitching for Hawaii Islanders : RHP Mark Dempsey
|
|
Pitching: RHP Mark Dempsey
|
|
|
Batting: SHB Wayne Tolleson
|
0-0: Ground out U3 (Groundball, 3S, EV 71.3 MPH)
|
|
Batting: LHB Danny Garcia
|
0-0: Ball 1-0: Called Strike 1-1: Foul Ball, location: 2F 1-2: Foul Ball, location: 2F 1-2: Foul Ball, location: 2F 1-2: Ball 2-2: Foul Ball, location: 2F 2-2: Ball 3-2: Fly out, F9 (Flyball, 9D, EV 93.1 MPH)
|
|
Batting: RHB Kevin McReynolds
|
0-0: Ball 1-0: Foul Ball, location: 2F 1-1: Foul Ball, location: 2F 1-2: Foul Ball, location: 2F 1-2: Fly out, F4 (Flyball, 34D, EV 89.4 MPH)
|
| Bottom of the 1st over - 0 runs, 0 hits, 0 errors, 0 left on base; Hawaii 2 - Tucson 0 |
| TOP OF THE 2ND |
|
Hawaii Islanders batting - Pitching for Tucson Toros : RHP Jim Acker
|
|
Batting: LHB Joe DeSa
|
0-0: Fly out, F8 (Flyball, 8RM, EV 88.8 MPH)
|
|
Batting: RHB Rob Teegarden
|
0-0: Ball 1-0: Ball 2-0: Ball 3-0: Base on Balls
|
|
Batting: RHB Peter Peltz
|
0-0: Called Strike 0-1: Ball Wild Pitch! Rob Teegarden to second 1-1: Ball 2-1: Called Strike 2-2: Foul Ball, location: 2F 2-2: Foul Ball, location: 2F 2-2: Foul Ball, location: 2F 2-2: Ground out 6-3 (Groundball, 6, EV 83.8 MPH)
|
|
Batting: RHB Tony Walker
|
0-0: Ball 1-0: Swinging Strike 1-1: Foul Ball, location: 2F 1-2: Strikes out looking
|
| Top of the 2nd over - 0 runs, 0 hits, 0 errors, 1 left on base; Hawaii 2 - Tucson 0 |
| BOTTOM OF THE 2ND |
|
Tucson Toros batting - Pitching for Hawaii Islanders : RHP Mark Dempsey
|
|
Batting: RHB Mike A Marshall
|
0-0: Ball 1-0: Ball 2-0: Foul Ball, location: 2F 2-1: Foul Ball, location: 2F 2-2: Strikes out swinging
|
|
Batting: LHB Tim Krauss
|
0-0: Called Strike 0-1: SINGLE (Groundball, 34D, EV 103.1 MPH)
|
|
Batting: SHB Michael Miara
|
0-0: Ball 1-0: Reached on error, E3 (Groundball, 3, EV 81.3 MPH) Tim Krauss to second
|
|
Batting: LHB Pat Dodson
|
0-0: Ball 1-0: Ball 2-0: Fielders Choice at 2nd, 3-6 (Groundball, 34, EV 93.1 MPH) Tim Krauss to third
|
|
Batting: RHB Talmadge Tanks
|
0-0: Ball 1-0: Called Strike 1-1: Ball 2-1: Called Strike 2-2: Strikes out swinging
|
| Bottom of the 2nd over - 0 runs, 1 hit, 1 error, 2 left on base; Hawaii 2 - Tucson 0 |
| TOP OF THE 3RD |
|
Hawaii Islanders batting - Pitching for Tucson Toros : RHP Jim Acker
|
|
Batting: LHB Creighton Tevlin
|
0-0: Called Strike 0-1: Called Strike 0-2: Ground out 5-3 (Groundball, 56S, EV 85.0 MPH)
|
|
Batting: SHB Charles Valley
|
0-0: Called Strike 0-1: Ball 1-1: Ball 2-1: Ball 3-1: Foul Ball, location: 2F 3-2: Foul Ball, location: 2F 3-2: Fly out, F5 (Flyball, 5D, EV 93.1 MPH)
|
|
Batting: LHB Dom Fucci
|
0-0: Ball 1-0: Foul Ball, location: 2F 1-1: Ball 2-1: Called Strike 2-2: Ball 3-2: Strikes out looking
|
| Top of the 3rd over - 0 runs, 0 hits, 0 errors, 0 left on base; Hawaii 2 - Tucson 0 |
| BOTTOM OF THE 3RD |
|
Tucson Toros batting - Pitching for Hawaii Islanders : RHP Mark Dempsey
|
|
Batting: RHB Walter Steele
|
0-0: Foul Ball, location: 2F 0-1: Swinging Strike 0-2: Fly out, F9 (Flyball, 9D, EV 84.4 MPH)
|
|
Batting: SHB Wayne Tolleson
|
0-0: Ball 1-0: Ground out 6-3 (Groundball, 6, EV 81.3 MPH)
|
|
Batting: LHB Danny Garcia
|
0-0: Ball 1-0: Foul Ball, location: 2F 1-1: Ball 2-1: Foul Ball, location: 2F 2-2: Strikes out swinging
|
| Bottom of the 3rd over - 0 runs, 0 hits, 0 errors, 0 left on base; Hawaii 2 - Tucson 0 |
| TOP OF THE 4TH |
|
Hawaii Islanders batting - Pitching for Tucson Toros : RHP Jim Acker
|
|
Batting: RHB Joe Strain
|
0-0: Ball 1-0: Ball 2-0: Swinging Strike 2-1: Ground out U3 (Groundball, 3, EV 101.3 MPH)
|
|
Batting: LHB Geno Petralli
|
0-0: Ball 1-0: Foul Ball, location: 2F 1-1: Ball 2-1: Ball 3-1: Swinging Strike 3-2: Foul Ball, location: 2F 3-2: Base on Balls
|
|
Batting: LHB Joe DeSa
|
0-0: Ball Geno Petralli steals 2nd base 1-0: Called Strike 1-1: Ball 2-1: Ground out 4-3 (Groundball, 4, EV 82.5 MPH) Geno Petralli to third
|
|
Batting: RHB Rob Teegarden
|
0-0: Ground out 6-3 (Groundball, 6, EV 83.1 MPH)
|
| Top of the 4th over - 0 runs, 0 hits, 0 errors, 1 left on base; Hawaii 2 - Tucson 0 |
| BOTTOM OF THE 4TH |
|
Tucson Toros batting - Pitching for Hawaii Islanders : RHP Mark Dempsey
|
|
Batting: RHB Kevin McReynolds
|
0-0: Foul Ball, location: 2F 0-1: Ball 1-1: Ground out 6-3 (Groundball, 6, EV 78.1 MPH)
|
|
Batting: RHB Mike A Marshall
|
0-0: Ball 1-0: Swinging Strike 1-1: Ground out 4-3 (Groundball, 4MD, EV 103.1 MPH)
|
|
Batting: LHB Tim Krauss
|
0-0: Ball 1-0: Fly out, F9 (Flyball, 89XD, EV 108.8 MPH)
|
| Bottom of the 4th over - 0 runs, 0 hits, 0 errors, 0 left on base; Hawaii 2 - Tucson 0 |
| TOP OF THE 5TH |
|
Hawaii Islanders batting - Pitching for Tucson Toros : RHP Jim Acker
|
|
Batting: RHB Peter Peltz
|
0-0: Ground out 6-3 (Groundball, 6M, EV 86.9 MPH)
|
|
Batting: RHB Tony Walker
|
0-0: Ground out 6-3 (Groundball, 6, EV 89.4 MPH)
|
|
Batting: LHB Creighton Tevlin
|
0-0: Ball 1-0: Ball 2-0: Foul Ball, location: 2F 2-1: Ball 3-1: Fly out, F9 (Flyball, 89M, EV 90.0 MPH)
|
| Top of the 5th over - 0 runs, 0 hits, 0 errors, 0 left on base; Hawaii 2 - Tucson 0 |
| BOTTOM OF THE 5TH |
|
Tucson Toros batting - Pitching for Hawaii Islanders : RHP Mark Dempsey
|
|
Batting: SHB Michael Miara
|
0-0: Called Strike 0-1: Fly out, F8 (Line Drive, 8LM, EV 91.9 MPH)
|
|
Batting: LHB Pat Dodson
|
0-0: Called Strike 0-1: Ball 1-1: SINGLE (Groundball, 34, EV 93.8 MPH)
|
|
Batting: RHB Talmadge Tanks
|
0-0: Foul Ball, location: 2F 0-1: Ball 1-1: Swinging Strike 1-2: Ball 2-2: Grounds into double play, 3-6-3 (Groundball, 34, EV 105.6 MPH)
|
| Bottom of the 5th over - 0 runs, 1 hit, 0 errors, 0 left on base; Hawaii 2 - Tucson 0 |
| TOP OF THE 6TH |
|
Hawaii Islanders batting - Pitching for Tucson Toros : RHP Jim Acker
|
|
Batting: SHB Charles Valley
|
0-0: Swinging Strike 0-1: Swinging Strike 0-2: Ground out 4-3 (Groundball, 4, EV 105.0 MPH)
|
|
Batting: LHB Dom Fucci
|
0-0: Ball 1-0: Foul Ball, location: 2F 1-1: Ball 2-1: Ground out 5-3 (Groundball, 56S, EV 85.0 MPH)
|
|
Batting: RHB Joe Strain
|
0-0: Ball 1-0: Called Strike 1-1: SINGLE (Groundball, 56, EV 103.1 MPH)
|
|
Batting: LHB Geno Petralli
|
0-0: Called Strike 0-1: Swinging Strike 0-2: Ball 1-2: Foul Ball, location: 2F 1-2: Strikes out swinging
|
| Top of the 6th over - 0 runs, 1 hit, 0 errors, 1 left on base; Hawaii 2 - Tucson 0 |
| BOTTOM OF THE 6TH |
|
Tucson Toros batting - Pitching for Hawaii Islanders : RHP Mark Dempsey
|
|
Batting: RHB Walter Steele
|
0-0: Ball 1-0: Ball 2-0: Ball 3-0: Called Strike 3-1: Base on Balls
|
|
Batting: SHB Wayne Tolleson
|
0-0: Called Strike 0-1: Foul Ball, location: 2F 0-2: Ball 1-2: Foul Ball, location: 2F 1-2: Foul Ball, location: 2F 1-2: Ground out U3 (Groundball, 13, EV 83.1 MPH) Walter Steele to second
|
|
Batting: LHB Danny Garcia
|
0-0: Ball 1-0: Called Strike 1-1: Called Strike 1-2: Fly out, F4 (Line Drive, 4, EV 70.0 MPH)
|
|
Batting: RHB Kevin McReynolds
|
0-0: Fly out, F8 (Line Drive, 8RM, EV 97.5 MPH)
|
| Bottom of the 6th over - 0 runs, 0 hits, 0 errors, 1 left on base; Hawaii 2 - Tucson 0 |
| TOP OF THE 7TH |
|
Hawaii Islanders batting - Pitching for Tucson Toros : RHP Jim Acker
|
|
Batting: LHB Joe DeSa
|
0-0: Ball 1-0: Foul Ball, location: 2F 1-1: Swinging Strike 1-2: Ground out 6-3 (Groundball, 6, EV 91.9 MPH)
|
|
Batting: RHB Rob Teegarden
|
0-0: Foul Ball, location: 2F 0-1: Fly out, F9 (Flyball, 89D, EV 97.5 MPH)
|
|
Batting: RHB Peter Peltz
|
0-0: Ball 1-0: Called Strike 1-1: Foul Ball, location: 2F 1-2: Strikes out swinging
|
| Top of the 7th over - 0 runs, 0 hits, 0 errors, 0 left on base; Hawaii 2 - Tucson 0 |
| BOTTOM OF THE 7TH |
|
Tucson Toros batting - Pitching for Hawaii Islanders : RHP Mark Dempsey
|
|
Batting: RHB Mike A Marshall
|
0-0: Called Strike 0-1: Swinging Strike 0-2: Strikes out swinging
|
|
Batting: LHB Tim Krauss
|
0-0: SOLO HOME RUN (Line Drive, 9D, EV 105.0 MPH), Distance : 374 ft
|
|
Batting: SHB Michael Miara
|
0-0: Ball 1-0: Foul Ball, location: 2F 1-1: Ball 2-1: Ground out 4-3 (Groundball, 4, EV 83.1 MPH)
|
|
Batting: LHB Pat Dodson
|
0-0: Ball 1-0: SINGLE (Flyball, 3D, EV 95.6 MPH)
|
|
Pinch Hitting: LHB Jeremy Penk
|
0-0: Called Strike 0-1: Ball 1-1: Foul Ball, location: 2F 1-2: Ball 2-2: SINGLE (Line Drive, 3, EV 73.8 MPH) (infield hit) Pat Dodson to second
|
|
Pinch Runner at 2nd Bruce Boisclair:
|
|
|
Batting: RHB Walter Steele
|
0-0: Swinging Strike 0-1: Ball 1-1: Fly out, F9 (Flyball, 9LS, EV 91.9 MPH)
|
| Bottom of the 7th over - 1 run, 3 hits, 0 errors, 2 left on base; Hawaii 2 - Tucson 1 |
| TOP OF THE 8TH |
|
Hawaii Islanders batting - Pitching for Tucson Toros : RHP Jim Acker
|
|
Pitching: RHP Mike Morgan
|
|
|
Now at 1B: Jeremy Penk
|
|
|
Now in RF: Bruce Boisclair
|
|
|
Batting: RHB Tony Walker
|
0-0: Ball 1-0: Swinging Strike 1-1: Ball 2-1: Foul Ball, location: 2F 2-2: Ball 3-2: Strikes out swinging
|
|
Batting: LHB Creighton Tevlin
|
0-0: Fly out, F6 (Popup, 6S, EV 83.8 MPH)
|
|
Batting: SHB Charles Valley
|
0-0: SINGLE (Groundball, 34D, EV 99.4 MPH)
|
|
Batting: LHB Dom Fucci
|
0-0: Called Strike 0-1: Swinging Strike 0-2: Foul Ball, location: 2F 0-2: Ball 1-2: Ball 2-2: Foul Ball, location: 2F 2-2: Ball 3-2: Strikes out swinging
|
| Top of the 8th over - 0 runs, 1 hit, 0 errors, 1 left on base; Hawaii 2 - Tucson 1 |
| BOTTOM OF THE 8TH |
|
Tucson Toros batting - Pitching for Hawaii Islanders : RHP Mark Dempsey
|
|
Batting: SHB Wayne Tolleson
|
0-0: Ball 1-0: Ball 2-0: Ball 3-0: Called Strike 3-1: SINGLE (Flyball, 34D, EV 98.8 MPH)
|
|
Batting: LHB Danny Garcia
|
0-0: Called Strike 0-1: Ball 1-1: Ball 2-1: Foul Ball, location: 2F 2-2: Ball 3-2: Foul Ball, location: 2F 3-2: SINGLE (Groundball, 3D, EV 94.4 MPH) Wayne Tolleson to second Runner from 2nd tries for 3rd, SAFE, no throw by RF
|
|
Batting: RHB Kevin McReynolds
|
0-0: Foul Ball, location: 2F 0-1: Ball 1-1: Fly out, F8 (Line Drive, 8LM, EV 84.4 MPH)
|
|
Batting: RHB Mike A Marshall
|
0-0: Ball 1-0: Ground out 6-3 (Groundball, 56, EV 85.6 MPH) Wayne Tolleson scores Danny Garcia to second
|
|
Batting: LHB Tim Krauss
|
0-0: Ball 1-0: Ground out 4-3 (Groundball, 4, EV 85.0 MPH)
|
| Bottom of the 8th over - 1 run, 2 hits, 0 errors, 1 left on base; Hawaii 2 - Tucson 2 |
| TOP OF THE 9TH |
|
Hawaii Islanders batting - Pitching for Tucson Toros : RHP Mike Morgan
|
|
Pitching: RHP Eddie Garcia
|
|
|
Batting: RHB Joe Strain
|
0-0: Ball 1-0: Ball 2-0: Called Strike 2-1: Foul Ball, location: 2F 2-2: Foul Ball, location: 2F 2-2: Fly out, F5 (Popup, 15S, EV 90.6 MPH)
|
|
Batting: LHB Geno Petralli
|
0-0: Fly out, F4 (Popup, 34S, EV 70.0 MPH)
|
|
Batting: LHB Joe DeSa
|
0-0: Ball 1-0: Ground out U3 (Groundball, 3, EV 107.5 MPH)
|
| Top of the 9th over - 0 runs, 0 hits, 0 errors, 0 left on base; Hawaii 2 - Tucson 2 |
| BOTTOM OF THE 9TH |
|
Tucson Toros batting - Pitching for Hawaii Islanders : RHP Mark Dempsey
|
|
Batting: SHB Michael Miara
|
0-0: Ball 1-0: Ball 2-0: Swinging Strike 2-1: Swinging Strike 2-2: Strikes out swinging
|
|
Batting: LHB Bruce Boisclair
|
0-0: Called Strike 0-1: Swinging Strike 0-2: Foul Ball, location: 2F 0-2: Strikes out swinging
|
|
Batting: LHB Jeremy Penk
|
0-0: Ball 1-0: Called Strike 1-1: Called Strike 1-2: Foul Ball, location: 2F 1-2: Foul Ball, location: 2F 1-2: Ground out 1-3 (Groundball, 15S, EV 71.9 MPH)
|
| Bottom of the 9th over - 0 runs, 0 hits, 0 errors, 0 left on base; Hawaii 2 - Tucson 2 |
| TOP OF THE 10TH |
|
Hawaii Islanders batting - Pitching for Tucson Toros : RHP Eddie Garcia
|
|
Pinch Hitting: LHB Paul Tomini
|
0-0: Foul Ball, location: 2F 0-1: Ball 1-1: Called Strike 1-2: Foul Ball, location: 2F 1-2: Ball 2-2: Ball 3-2: Base on Balls
|
|
Pinch Hitting: LHB Jerry Willard
|
0-0: Ball 1-0: Fly out, F6 (Popup, 6M, EV 77.5 MPH)
|
|
Pinch Hitting: LHB Leo Sutherland
|
0-0: Called Strike 0-1: Foul Ball, location: 2F 0-2: Ball 1-2: Foul Ball, location: 2F 1-2: SINGLE (Groundball, 3, EV 94.4 MPH) Paul Tomini to second Runner from 2nd tries for 3rd, SAFE, no throw by RF
|
|
Batting: LHB Creighton Tevlin
|
0-0: Ball 1-0: Foul Ball, location: 2F 1-1: Ball 2-1: Foul Ball, location: 2F 2-2: Ball 3-2: Ground out U3 (Groundball, 3S, EV 71.3 MPH) Leo Sutherland to second
|
|
Batting: SHB Charles Valley
|
0-0: Intentional Walk
|
|
Batting: LHB Dom Fucci
|
0-0: Ball 1-0: Swinging Strike 1-1: SINGLE (Groundball, 34S, EV 90.0 MPH) (infield hit) Paul Tomini scores Leo Sutherland to third Charles Valley to second
|
|
Batting: RHB Joe Strain
|
0-0: Ball 1-0: SINGLE (Groundball, 6MD, EV 98.1 MPH) Leo Sutherland scores Charles Valley to third Dom Fucci to second Runner from 3rd tries for Home, SAFE, throw by CF to home
|
|
Batting: LHB Geno Petralli
|
0-0: Called Strike 0-1: Called Strike 0-2: Foul Ball, location: 2F 0-2: Ball 1-2: Fly out, F7 (Line Drive, 7D, EV 101.9 MPH)
|
| Top of the 10th over - 3 runs, 3 hits, 0 errors, 2 left on base; Hawaii 5 - Tucson 2 |
| BOTTOM OF THE 10TH |
|
Tucson Toros batting - Pitching for Hawaii Islanders : RHP Mark Dempsey
|
|
Now at 3B: Chris Nyman
|
|
|
Now at SS: Wayne Stone
|
|
|
Now in RF: Carlos Lezcano
|
|
|
Batting: RHB Walter Steele
|
0-0: Ball 1-0: Ball 2-0: Swinging Strike 2-1: Swinging Strike 2-2: Ball 3-2: Foul Ball, location: 2F 3-2: Strikes out swinging
|
|
Pitching: RHP LaMarr Hoyt
|
|
|
Batting: SHB Wayne Tolleson
|
0-0: Called Strike 0-1: Ball 1-1: Ball 2-1: SINGLE (Line Drive, 34D, EV 93.8 MPH)
|
|
Batting: LHB Danny Garcia
|
0-0: Called Strike 0-1: Fielders Choice at 2nd, 1-4 (Groundball, 15S, EV 73.8 MPH)
|
|
Batting: RHB Kevin McReynolds
|
0-0: Ground out 4-3 (Groundball, 13, EV 85.6 MPH)
|
| Bottom of the 10th over - 0 runs, 1 hit, 0 errors, 1 left on base; Hawaii 5 - Tucson 2 |
|